3002 views
Uploaded 2020-02-17 19:40:48
Game version 1.32 / 1.32.1
19:54 long 4on4 ladder game on (8)Mur'gulOasis_LV
Saved by TALONSARIMBA
3002 views
Uploaded 2020-02-17 19:40:48
Game version 1.32 / 1.32.1
19:54 long 4on4 ladder game on (8)Mur'gulOasis_LV


131 units @ 18.2k
/ 2.5k
68 buildings @ 8.5k
/ 3.5k



| Potion of Healing | 1 | 150 |
| Staff of Sanctuary | 2 | 500 |
| Lesser Clarity Potion | 2 | 140 |
| Orb of Fire | 2 | 650 |
| Scroll of Healing | 1 | 250 |
| Potion of Lesser Invulnerability | 1 | 150 |
| total: | 9 | 1840g |
| Peasant | 18 | 1350 | / | 0 |
| Gryphon Rider | 5 | 1400 | / | 350 |
| total: | 23 | 2750g | / | 350w |
| Scout Tower | 10 | 300 | / | 200 |
| Arcane Tower | 1 | 70 | / | 50 |
| Guard Tower | 8 | 560 | / | 400 |
| Altar of Kings | 1 | 180 | / | 50 |
| Farm | 11 | 880 | / | 220 |
| Lumber Mill | 1 | 120 | / | 0 |
| Arcane Vault | 1 | 130 | / | 30 |
| Blacksmith | 1 | 140 | / | 60 |
| Gryphon Aviary | 2 | 280 | / | 300 |
| Keep | 1 | 320 | / | 210 |
| Castle | 1 | 360 | / | 210 |
| total: | 27 | 2030g | / | 860w |
| 0:06 | Peasant |
| 0:08 | Altar of Kings |
| 0:09 | Peasant |
| 0:23 | Farm |
| 0:25 | Peasant |
| 0:36 | Peasant |
| 0:46 | Peasant |
| 0:56 | Scout Tower |
| 1:01 | Peasant |
| 1:16 | Peasant |
| 1:25 | Arcane Tower |
| 1:29 | Farm |
| 1:32 | Peasant |
| 1:57 | Peasant |
| 2:12 | Blizzard |
| 2:50 | Lumber Mill |
| 2:52 | Keep |
| 4:27 | Scout Tower |
| 4:27 | Scout Tower |
| 4:28 | Farm |
| 4:29 | Farm |
| 4:38 | Arcane Vault |
| 5:00 | Guard Tower |
| 5:03 | Scout Tower |
| 5:23 | Potion of Healing |
| 5:36 | Brilliance Aura |
| 6:14 | Castle |
| 6:20 | Scout Tower |
| 7:26 | Flame Strike |
| 8:04 | Guard Tower |
| 8:06 | Scout Tower |
| 8:07 | Guard Tower |
| 8:37 | Peasant |
| 8:37 | Peasant |
| 8:37 | Peasant |
| 8:37 | Peasant |
| 8:37 | Peasant |
| 8:38 | Guard Tower |
| 9:00 | Scout Tower |
| 9:01 | Scout Tower |
| 9:02 | Scout Tower |
| 9:04 | Scout Tower |
| 9:07 | Improved Lumber Harvesting |
| 9:11 | Gryphon Aviary |
| 9:16 | Gryphon Aviary |
| 9:25 | Farm |
| 9:27 | Staff of Sanctuary |
| 9:30 | Lesser Clarity Potion |
| 9:32 | Orb of Fire |
| 9:47 | Holy Light |
| 9:53 | Guard Tower |
| 11:28 | Storm Hammers |
| 11:29 | Gryphon Rider |
| 11:30 | Blacksmith |
| 11:32 | Peasant |
| 11:33 | Peasant |
| 11:33 | Peasant |
| 11:33 | Peasant |
| 11:35 | Guard Tower |
| 11:37 | Potion of Lesser Invulnerability |
| 11:38 | Scroll of Healing |
| 11:46 | Blizzard |
| 12:53 | Farm |
| 12:54 | Farm |
| 12:54 | Farm |
| 12:57 | Farm |
| 12:57 | Farm |
| 12:58 | Farm |
| 13:04 | Divine Shield |
| 13:41 | Guard Tower |
| 13:41 | Guard Tower |
| 14:10 | Staff of Sanctuary |
| 14:18 | Gryphon Rider |
| 14:21 | Iron Forged Swords |
| 14:22 | Iron Plating |
| 14:56 | Siphon Mana |
| 15:34 | Lesser Clarity Potion |
| 15:35 | Orb of Fire |
| 16:24 | Gryphon Rider |
| 16:59 | Gryphon Rider |
| 18:03 | Gryphon Rider |
| 18:10 | Steel Forged Swords |
| 18:42 | Flame Strike |
| 18:44 | Holy Light |
| Right click | 1058 |
| Select group | 390 |
| Select | 252 |
| Build/train/purchase | 85 |
| Use ability | 51 |
| Assign group | 15 |
| Misc. action | 14 |
| Item give/drop | 1 |
| Remove unit | 1 |


| Healing Salve | 2 | 200 |
| Lesser Clarity Potion | 3 | 210 |
| Potion of Healing | 1 | 150 |
| total: | 6 | 560g |
| Peon | 9 | 675 | / | 0 |
| Spirit Walker | 3 | 585 | / | 105 |
| Tauren | 6 | 1680 | / | 480 |
| total: | 18 | 2940g | / | 585w |
| Altar of Storms | 1 | 180 | / | 50 |
| Orc Burrow | 5 | 800 | / | 200 |
| War Mill | 1 | 205 | / | 0 |
| Voodoo Lounge | 1 | 130 | / | 30 |
| Tauren Totem | 2 | 270 | / | 310 |
| Stronghold | 1 | 315 | / | 190 |
| Fortress | 1 | 325 | / | 190 |
| total: | 10 | 1585g | / | 590w |
| 0:09 | Altar of Storms |
| 0:10 | Peon |
| 0:10 | Peon |
| 0:11 | Orc Burrow |
| 0:24 | Peon |
| 0:36 | Peon |
| 0:59 | Peon |
| 1:11 | Peon |
| 1:21 | Orc Burrow |
| 1:25 | Peon |
| 1:42 | Peon |
| 1:50 | Peon |
| 2:25 | Stronghold |
| 2:36 | Feral Spirit |
| 2:45 | War Mill |
| 3:22 | Voodoo Lounge |
| 4:55 | Healing Salve |
| 4:56 | Lesser Clarity Potion |
| 5:02 | Fortress |
| 5:05 | Tauren Totem |
| 5:06 | Tauren Totem |
| 5:39 | Steel Melee Weapons |
| 5:40 | Steel Armor |
| 5:48 | Hex |
| 6:05 | Potion of Healing |
| 6:09 | Lesser Clarity Potion |
| 6:27 | Spirit Walker Adept Training |
| 6:41 | Spirit Walker |
| 7:06 | Chain Lighting |
| 7:11 | Spirit Walker |
| 7:14 | Orc Burrow |
| 7:16 | Orc Burrow |
| 7:40 | Spirit Walker Master Training |
| 7:41 | Pulverize |
| 8:11 | Healing Salve |
| 8:11 | Lesser Clarity Potion |
| 8:27 | Tauren |
| 8:32 | Thorium Melee Weapons |
| 8:51 | Tauren |
| 9:11 | Healing Wave |
| 9:27 | Tauren |
| 9:39 | Tauren |
| 10:29 | Tauren |
| 10:37 | Tauren |
| 10:47 | Orc Burrow |
| 11:27 | Spirit Walker |
| 11:36 | Feral Spirit |
| 13:00 | Healing Wave |
| 13:43 | Chain Lighting |
| 14:50 | Hex |
| Right click | 892 |
| Select | 456 |
| Select group | 232 |
| Build/train/purchase | 86 |
| Use ability | 39 |
| Misc. action | 26 |
| Assign group | 24 |
| Item give/drop | 2 |

| Scroll of Town Portal | 1 | 350 |
| total: | 1 | 350g |
| Wisp | 13 | 780 | / | 0 |
| Archer | 33 | 4290 | / | 330 |
| Druid of the Talon | 9 | 1305 | / | 180 |
| Faerie Dragon | 3 | 465 | / | 75 |
| Hippogryph | 1 | 160 | / | 20 |
| total: | 59 | 7000g | / | 605w |
| Ancient Protector | 4 | 540 | / | 320 |
| Moon Well | 6 | 1080 | / | 240 |
| Altar of Elders | 1 | 180 | / | 50 |
| Ancient of War | 2 | 300 | / | 120 |
| Ancient of Wonders | 1 | 90 | / | 30 |
| Hunter's Hall | 1 | 210 | / | 100 |
| Ancient of Wind | 2 | 300 | / | 280 |
| Tree of Ages | 2 | 640 | / | 360 |
| Tree of Eternity | 1 | 330 | / | 200 |
| total: | 17 | 2700g | / | 1140w |
| 0:02 | Wisp |
| 0:02 | Wisp |
| 0:12 | Wisp |
| 0:18 | Moon Well |
| 0:22 | Wisp |
| 0:32 | Altar of Elders |
| 0:37 | Wisp |
| 0:46 | Ancient of War |
| 0:49 | Wisp |
| 0:50 | Wisp |
| 1:01 | Wisp |
| 1:35 | Moon Well |
| 1:42 | Wisp |
| 1:47 | Archer |
| 2:02 | Ancient of War |
| 2:07 | Ancient of Wonders |
| 2:12 | Archer |
| 2:32 | Wisp |
| 2:34 | Archer |
| 2:42 | Entangling Roots |
| 2:44 | Moon Well |
| 3:00 | Archer |
| 3:02 | Wisp |
| 3:25 | Archer |
| 3:28 | Archer |
| 3:43 | Archer |
| 4:37 | Archer |
| 4:39 | Tree of Ages |
| 4:52 | Archer |
| 5:05 | Archer |
| 5:17 | Archer |
| 5:17 | Archer |
| 5:54 | Force of Nature |
| 5:57 | Archer |
| 6:07 | Archer |
| 6:08 | Archer |
| 6:09 | Archer |
| 6:09 | Archer |
| 6:24 | Archer |
| 7:38 | Hunter's Hall |
| 7:41 | Ancient of Wind |
| 7:42 | Ancient of Wind |
| 7:43 | Wisp |
| 7:43 | Wisp |
| 7:44 | Archer |
| 7:45 | Improved Bows |
| 8:13 | Archer |
| 8:32 | Archer |
| 8:43 | Strength of the Moon |
| 8:50 | Archer |
| 8:58 | Druid of the Talon Adept Training |
| 8:58 | Druid of the Talon Master Training |
| 9:32 | Entangling Roots |
| 9:37 | Tree of Eternity |
| 9:39 | Moon Armor |
| 9:56 | Moon Well |
| 10:11 | Archer |
| 10:22 | Druid of the Talon |
| 10:22 | Druid of the Talon |
| 10:37 | Druid of the Talon |
| 10:37 | Druid of the Talon |
| 11:00 | Improved Strength of the Moon |
| 11:13 | Faerie Dragon |
| 11:15 | Faerie Dragon |
| 11:16 | Faerie Dragon |
| 11:56 | Archer |
| 12:47 | Druid of the Talon |
| 12:48 | Marksmanship |
| 12:49 | Archer |
| 12:54 | Advanced Strength of the Moon |
| 13:08 | Force of Nature |
| 13:33 | Druid of the Talon |
| 13:45 | Well Spring |
| 13:52 | Archer |
| 14:02 | Ancient Protector |
| 14:03 | Ancient Protector |
| 14:15 | Ancient Protector |
| 14:24 | Archer |
| 15:02 | Archer |
| 15:16 | Moon Well |
| 15:58 | Archer |
| 16:01 | Druid of the Talon |
| 16:11 | Scroll of Town Portal |
| 16:23 | Archer |
| 16:23 | Archer |
| 16:43 | Ancient Protector |
| 18:11 | Moon Well |
| 18:15 | Archer |
| 18:17 | Hippogryph |
| 18:18 | Druid of the Talon |
| 18:18 | Druid of the Talon |
| 18:22 | Improved Moon Armor |
| 18:48 | Archer |
| Right click | 1227 |
| Select | 327 |
| Build/train/purchase | 82 |
| Use ability | 25 |
| Chat | 20 |
| Remove unit | 2 |
| Misc. action | 1 |
| Minimap ping | 1 |

| Healing Salve | 3 | 300 |
| Orb of Lightning | 1 | 375 |
| Potion of Healing | 1 | 150 |
| Scroll of Town Portal | 3 | 1050 |
| total: | 8 | 1875g |
| Peon | 9 | 675 | / | 0 |
| Grunt | 6 | 1200 | / | 0 |
| Raider | 4 | 720 | / | 160 |
| Tauren | 8 | 2240 | / | 640 |
| Troll Batrider | 4 | 640 | / | 160 |
| total: | 31 | 5475g | / | 960w |
| Altar of Storms | 1 | 180 | / | 50 |
| Orc Burrow | 7 | 1120 | / | 280 |
| Barracks | 1 | 180 | / | 50 |
| Voodoo Lounge | 1 | 130 | / | 30 |
| War Mill | 1 | 205 | / | 0 |
| Beastiary | 1 | 145 | / | 140 |
| Tauren Totem | 2 | 270 | / | 310 |
| Stronghold | 2 | 630 | / | 380 |
| Fortress | 1 | 325 | / | 190 |
| total: | 14 | 2230g | / | 860w |
| 0:04 | Peon |
| 0:04 | Peon |
| 0:10 | Altar of Storms |
| 0:15 | Orc Burrow |
| 0:16 | Peon |
| 0:16 | Peon |
| 0:38 | Peon |
| 0:55 | Barracks |
| 1:07 | Peon |
| 1:10 | Peon |
| 1:28 | Peon |
| 1:37 | Orc Burrow |
| 1:44 | Peon |
| 1:57 | Grunt |
| 2:00 | Voodoo Lounge |
| 2:18 | Feral Spirit |
| 2:39 | Grunt |
| 2:41 | Orc Burrow |
| 3:08 | War Mill |
| 3:18 | Grunt |
| 3:40 | Stronghold |
| 4:14 | Grunt |
| 4:25 | Chain Lighting |
| 5:13 | Grunt |
| 5:14 | Grunt |
| 5:15 | Steel Melee Weapons |
| 5:18 | Orc Burrow |
| 6:09 | Feral Spirit |
| 6:23 | Pillage |
| 6:25 | Beastiary |
| 6:37 | Tauren Totem |
| 7:46 | Raider |
| 7:47 | Ensnare |
| 7:49 | Fortress |
| 7:53 | Tauren Totem |
| 8:38 | Raider |
| 8:41 | Raider |
| 9:10 | Orc Burrow |
| 9:12 | Thorium Melee Weapons |
| 9:26 | Raider |
| 9:56 | Steel Armor |
| 10:02 | Healing Salve |
| 10:12 | Orc Burrow |
| 10:14 | Tauren |
| 10:17 | Pulverize |
| 10:19 | Tauren |
| 10:25 | Healing Salve |
| 10:33 | Orb of Lightning |
| 11:28 | Tauren |
| 11:48 | Tauren |
| 12:02 | Chain Lighting |
| 12:12 | Tauren |
| 12:23 | Orc Burrow |
| 13:32 | Arcanite Melee Weapons |
| 13:36 | Tauren |
| 13:47 | Potion of Healing |
| 14:31 | Scroll of Town Portal |
| 14:31 | Scroll of Town Portal |
| 15:42 | Chain Lighting |
| 16:05 | Tauren |
| 16:54 | Healing Salve |
| 16:57 | Scroll of Town Portal |
| 17:03 | Earth Quake |
| 17:58 | Feral Spirit |
| 18:07 | Troll Batrider |
| 18:07 | Troll Batrider |
| 19:27 | Troll Batrider |
| 19:27 | Troll Batrider |
| 19:29 | Tauren |
| Right click | 773 |
| Select | 318 |
| Build/train/purchase | 93 |
| Use ability | 38 |
| Chat | 28 |
| Remove unit | 4 |
| Misc. action | 2 |
| Item give/drop | 2 |
113 units @ 17.9k
/ 2.6k
59 buildings @ 8.6k
/ 2.9k



| Potion of Healing | 2 | 300 |
| Scroll of Regeneration | 2 | 200 |
| Scroll of Town Portal | 2 | 700 |
| total: | 6 | 1200g |
| Peasant | 9 | 675 | / | 0 |
| Footman | 8 | 1080 | / | 0 |
| Rifleman | 3 | 615 | / | 90 |
| Knight | 5 | 1225 | / | 300 |
| total: | 25 | 3595g | / | 390w |
| Altar of Kings | 2 | 360 | / | 100 |
| Farm | 10 | 800 | / | 200 |
| Barracks | 2 | 320 | / | 120 |
| Blacksmith | 1 | 140 | / | 60 |
| Lumber Mill | 1 | 120 | / | 0 |
| Arcane Vault | 3 | 390 | / | 90 |
| Keep | 1 | 320 | / | 210 |
| Castle | 1 | 360 | / | 210 |
| total: | 19 | 2130g | / | 570w |
| 0:04 | Peasant |
| 0:07 | Peasant |
| 0:19 | Altar of Kings |
| 0:23 | Peasant |
| 0:27 | Peasant |
| 0:35 | Farm |
| 0:40 | Peasant |
| 0:53 | Barracks |
| 0:55 | Peasant |
| 1:05 | Farm |
| 1:26 | Peasant |
| 1:34 | Peasant |
| 1:57 | Blacksmith |
| 1:58 | Footman |
| 2:15 | Peasant |
| 2:19 | Summon Water Elemental |
| 2:21 | Footman |
| 2:40 | Lumber Mill |
| 3:19 | Keep |
| 3:42 | Farm |
| 4:11 | Footman |
| 4:37 | Footman |
| 4:39 | Farm |
| 4:46 | Footman |
| 5:01 | Farm |
| 5:03 | Footman |
| 5:28 | Brilliance Aura |
| 6:11 | Arcane Vault |
| 6:40 | Potion of Healing |
| 6:43 | Footman |
| 6:44 | Castle |
| 6:48 | Barracks |
| 7:05 | Footman |
| 7:32 | Rifleman |
| 7:39 | Storm Bolt |
| 8:27 | Rifleman |
| 8:35 | Summon Water Elemental |
| 8:43 | Farm |
| 8:53 | Long Rifles |
| 8:56 | Scroll of Regeneration |
| 9:44 | Farm |
| 9:48 | Rifleman |
| 10:00 | Scroll of Regeneration |
| 10:38 | Holy Light |
| 10:44 | Farm |
| 10:52 | Scroll of Town Portal |
| 11:15 | Knight |
| 11:59 | Farm |
| 12:36 | Thunder Clap |
| 13:56 | Arcane Vault |
| 14:00 | Arcane Vault |
| 14:10 | Sundering Blades |
| 14:11 | Animal War Training |
| 14:12 | Iron Forged Swords |
| 14:13 | Iron Plating |
| 14:21 | Scroll of Town Portal |
| 14:26 | Farm |
| 15:03 | Knight |
| 15:48 | Knight |
| 15:58 | Potion of Healing |
| 16:59 | Altar of Kings |
| 18:06 | Knight |
| 18:30 | Devotion Aura |
| 18:56 | Brilliance Aura |
| 19:20 | Divine Shield |
| 19:36 | Knight |
| Right click | 781 |
| Select | 221 |
| Chat | 108 |
| Select group | 80 |
| Build/train/purchase | 78 |
| Assign group | 43 |
| Use ability | 14 |
| Minimap ping | 12 |
| Item give/drop | 2 |
| Misc. action | 1 |

| Healing Salve | 4 | 400 |
| Lesser Clarity Potion | 1 | 70 |
| Scroll of Speed | 1 | 50 |
| Scroll of Town Portal | 2 | 700 |
| total: | 8 | 1220g |
| Peon | 8 | 600 | / | 0 |
| Grunt | 2 | 400 | / | 0 |
| Troll Headhunter | 15 | 2100 | / | 300 |
| Troll Berserker | 4 | 560 | / | 80 |
| Demolisher | 5 | 1100 | / | 250 |
| total: | 34 | 4760g | / | 630w |
| War Mill | 1 | 205 | / | 0 |
| Barracks | 2 | 360 | / | 100 |
| Orc Burrow | 7 | 1120 | / | 280 |
| Altar of Storms | 1 | 180 | / | 50 |
| Voodoo Lounge | 1 | 130 | / | 30 |
| Stronghold | 1 | 315 | / | 190 |
| Fortress | 1 | 325 | / | 190 |
| total: | 12 | 1995g | / | 460w |
| 0:01 | Peon |
| 0:02 | Peon |
| 0:17 | Peon |
| 0:34 | War Mill |
| 0:40 | Barracks |
| 0:42 | Peon |
| 0:50 | Orc Burrow |
| 1:23 | Altar of Storms |
| 1:32 | Peon |
| 1:45 | Grunt |
| 1:47 | Troll Headhunter |
| 1:50 | Peon |
| 2:01 | Orc Burrow |
| 2:08 | Troll Headhunter |
| 2:21 | Peon |
| 2:37 | Barracks |
| 2:53 | Grunt |
| 2:55 | Troll Headhunter |
| 3:04 | Orc Burrow |
| 3:06 | Peon |
| 3:26 | Troll Headhunter |
| 3:38 | War Stomp |
| 3:41 | Troll Headhunter |
| 3:45 | Orc Burrow |
| 4:05 | Troll Headhunter |
| 4:30 | Troll Headhunter |
| 4:50 | Voodoo Lounge |
| 4:54 | Troll Headhunter |
| 5:56 | Stronghold |
| 5:57 | Troll Headhunter |
| 6:18 | Healing Salve |
| 6:18 | Healing Salve |
| 6:26 | Lesser Clarity Potion |
| 6:35 | Troll Headhunter |
| 7:28 | Troll Headhunter |
| 8:08 | Healing Salve |
| 8:09 | Scroll of Speed |
| 9:07 | Troll Regeneration |
| 9:08 | Troll Headhunter |
| 9:08 | Berserker Strength |
| 9:09 | Fortress |
| 9:12 | Endurance Aura |
| 9:34 | Orc Burrow |
| 9:36 | Orc Burrow |
| 9:42 | Steel Ranged Weapons |
| 10:09 | Scroll of Town Portal |
| 10:10 | Healing Salve |
| 10:40 | Troll Headhunter |
| 10:42 | Troll Headhunter |
| 10:52 | Scroll of Town Portal |
| 11:41 | Berserker Upgrade |
| 11:50 | Troll Headhunter |
| 12:18 | Endurance Aura |
| 12:22 | Thorium Ranged Weapons |
| 12:24 | Troll Berserker |
| 13:25 | Troll Berserker |
| 13:49 | Arcanite Ranged Weapons |
| 14:12 | Burning Oil |
| 14:15 | Demolisher |
| 14:16 | Demolisher |
| 15:03 | Orc Burrow |
| 15:07 | Reinforced Defenses |
| 16:27 | War Stomp |
| 16:37 | Demolisher |
| 17:42 | Endurance Aura |
| 18:03 | Troll Berserker |
| 18:03 | Troll Berserker |
| 18:47 | Demolisher |
| 19:08 | Steel Armor |
| 19:31 | Demolisher |
| Right click | 1236 |
| Select | 465 |
| Select group | 451 |
| Misc. action | 150 |
| Chat | 93 |
| Build/train/purchase | 81 |
| Assign group | 49 |
| Use ability | 19 |
| Remove unit | 4 |
| Resource trade | 4 |
| Minimap ping | 3 |
| Item give/drop | 2 |


| Lesser Clarity Potion | 2 | 140 |
| Healing Salve | 2 | 200 |
| Scroll of Town Portal | 1 | 350 |
| total: | 5 | 690g |
| Peon | 11 | 825 | / | 0 |
| Troll Headhunter | 12 | 1680 | / | 240 |
| Demolisher | 1 | 220 | / | 50 |
| Wind Rider | 10 | 2650 | / | 400 |
| Kodo Beast | 1 | 255 | / | 60 |
| total: | 35 | 5630g | / | 750w |
| Altar of Storms | 1 | 180 | / | 50 |
| Orc Burrow | 7 | 1120 | / | 280 |
| War Mill | 1 | 205 | / | 0 |
| Barracks | 1 | 180 | / | 50 |
| Voodoo Lounge | 2 | 260 | / | 60 |
| Beastiary | 2 | 290 | / | 280 |
| Stronghold | 1 | 315 | / | 190 |
| Fortress | 1 | 325 | / | 190 |
| total: | 14 | 2235g | / | 720w |
| 0:04 | Altar of Storms |
| 0:06 | Orc Burrow |
| 0:06 | Peon |
| 0:23 | War Mill |
| 1:00 | Barracks |
| 1:09 | Peon |
| 1:24 | Peon |
| 1:47 | Orc Burrow |
| 2:05 | Troll Headhunter |
| 2:18 | War Stomp |
| 2:22 | Voodoo Lounge |
| 2:31 | Peon |
| 2:42 | Troll Headhunter |
| 2:42 | Troll Headhunter |
| 3:04 | Troll Headhunter |
| 3:11 | Peon |
| 3:25 | Troll Headhunter |
| 3:55 | Troll Headhunter |
| 3:55 | Troll Headhunter |
| 4:13 | Troll Headhunter |
| 4:36 | Troll Headhunter |
| 4:45 | Peon |
| 5:28 | Troll Headhunter |
| 5:28 | Troll Headhunter |
| 5:52 | Stronghold |
| 6:25 | Lesser Clarity Potion |
| 6:25 | Healing Salve |
| 7:07 | Endurance Aura |
| 7:30 | Orc Burrow |
| 8:18 | Orc Burrow |
| 8:54 | Peon |
| 8:54 | Peon |
| 8:54 | Peon |
| 8:55 | Peon |
| 9:04 | Voodoo Lounge |
| 9:22 | Hex |
| 9:33 | Troll Headhunter |
| 9:54 | War Stomp |
| 10:00 | Fortress |
| 10:03 | Beastiary |
| 10:04 | Beastiary |
| 10:11 | Lesser Clarity Potion |
| 10:20 | Scroll of Town Portal |
| 10:25 | Healing Salve |
| 10:54 | Demolisher |
| 11:15 | Wind Rider |
| 11:19 | Orc Burrow |
| 11:42 | Kodo Beast |
| 13:09 | Peon |
| 13:35 | Wind Rider |
| 13:57 | Wind Rider |
| 14:16 | Wind Rider |
| 14:54 | Wind Rider |
| 15:19 | Endurance Aura |
| 15:21 | Orc Burrow |
| 15:22 | Orc Burrow |
| 16:00 | Wind Rider |
| 16:35 | Wind Rider |
| 17:00 | Wind Rider |
| 17:37 | War Stomp |
| 18:07 | Wind Rider |
| 18:37 | Wind Rider |
| 19:19 | Healing Wave |
| 19:36 | Envenomed Spears |
| 19:50 | Reincarnation |
| Right click | 1990 |
| Select | 630 |
| Select group | 435 |
| Chat | 246 |
| Misc. action | 231 |
| Build/train/purchase | 85 |
| Assign group | 34 |
| Use ability | 32 |
| Minimap ping | 13 |
| Esc | 2 |
| Item give/drop | 1 |



| Boots of Speed | 2 | 500 |
| total: | 2 | 500g |
| Acolyte | 4 | 300 | / | 0 |
| Ghoul | 3 | 360 | / | 0 |
| Crypt Fiend | 6 | 1290 | / | 240 |
| Obsidian Statue | 2 | 400 | / | 70 |
| Frost Wyrm | 4 | 1540 | / | 480 |
| total: | 19 | 3890g | / | 790w |
| Spirit Tower | 4 | 580 | / | 160 |
| Nerubian Tower | 1 | 100 | / | 20 |
| Ziggurat | 6 | 900 | / | 300 |
| Altar of Darkness | 1 | 180 | / | 50 |
| Crypt | 1 | 200 | / | 50 |
| Graveyard | 1 | 215 | / | 0 |
| Tomb of Relics | 1 | 130 | / | 30 |
| Slaughterhouse | 1 | 140 | / | 135 |
| Sacrificial Pit | 1 | 75 | / | 150 |
| Boneyard | 2 | 350 | / | 400 |
| Halls of the Dead | 1 | 320 | / | 210 |
| Black Citadel | 1 | 325 | / | 230 |
| total: | 14 | 2190g | / | 1115w |
| 0:05 | Acolyte |
| 0:06 | Acolyte |
| 0:10 | Ziggurat |
| 0:23 | Altar of Darkness |
| 0:39 | Crypt |
| 0:43 | Acolyte |
| 1:00 | Ziggurat |
| 1:24 | Graveyard |
| 1:45 | Ghoul |
| 2:00 | Ghoul |
| 2:20 | Ziggurat |
| 2:30 | Death Coil |
| 2:43 | Ghoul |
| 2:49 | Spirit Tower |
| 3:12 | Tomb of Relics |
| 3:17 | Crypt Fiend |
| 3:41 | Crypt Fiend |
| 4:00 | Creature Attack |
| 4:01 | Creature Carapace |
| 4:20 | Halls of the Dead |
| 5:02 | Spirit Tower |
| 5:06 | Ziggurat |
| 5:47 | Death Pact |
| 6:09 | Crypt Fiend |
| 6:10 | Crypt Fiend |
| 6:25 | Spirit Tower |
| 6:42 | Slaughterhouse |
| 6:48 | Ziggurat |
| 7:11 | Burrow |
| 7:12 | Web |
| 7:14 | Improved Creature Attack |
| 8:22 | Obsidian Statue |
| 8:25 | Crypt Fiend |
| 9:19 | Black Citadel |
| 9:28 | Carrion Beetles |
| 9:35 | Ziggurat |
| 9:40 | Sacrificial Pit |
| 9:43 | Crypt Fiend |
| 10:30 | Obsidian Statue |
| 11:14 | Improved Creature Carapace |
| 11:22 | Death Coil |
| 12:22 | Acolyte |
| 12:25 | Boneyard |
| 12:28 | Boneyard |
| 13:01 | Spiked Carapace |
| 13:58 | Freezing Breath |
| 13:58 | Frost Wyrm |
| 14:38 | Nerubian Tower |
| 14:40 | Spirit Tower |
| 15:26 | Vampiric Aura |
| 15:45 | Boots of Speed |
| 15:54 | Boots of Speed |
| 16:11 | Frost Wyrm |
| 16:13 | Frost Wyrm |
| 18:43 | Death Pact |
| 18:54 | Carrion Swarm |
| 18:55 | Carrion Swarm |
| 19:33 | Frost Wyrm |
| 19:36 | Unholy Strength |
| 19:36 | Advanced Creature Attack |
| 19:38 | Advanced Creature Carapace |
| Right click | 494 |
| Select | 230 |
| Build/train/purchase | 56 |
| Select group | 40 |
| Assign group | 25 |
| Misc. action | 23 |
| Use ability | 18 |
| Remove unit | 1 |
⇛